 Dungeon Crawl Stone Soup version 0.28.0-43-g3370ac3207 (webtiles) character file.

Game seed: 16057599856707338857

1627 grackle the Covered (level 8, -1/49 HPs)
             Began as a Gargoyle Fighter on Mar 13, 2022.
             Killed by divine providence
             ... invoked by an orc priest
              (14 damage)
             ... on level 7 of the Dungeon.
             The game lasted 00:19:42 (7319 turns).

grackle the Covered (Gargoyle Fighter)              Turns: 7319, Time: 00:19:42

Health: -1/49      AC: 15    Str: 21    XL:     8   Next: 97%
Magic:  8/8        EV:  9    Int: 16    God:
Gold:   582        SH:  9    Dex:  9    Spells: 7/7 levels left

rFire   + . .      SeeInvis .   D - +0 morningstar (holy)
rCold   . . .      Faith    .   w - +0 kite shield
rNeg    + . .      Spirit   .   b - +0 scale mail
rPois   ∞          Reflect  .   (no helmet)
rElec   +          Harm     .   (no cloak)
rCorr   .          Rampage  .   s - +1 pair of gloves
Will    .....                   (no boots)
Stlth   ..........              (no amulet)
HPRegen 0.16/turn               q - ring of protection from fire
MPRegen 0.11/turn               k - +6 ring of intelligence

@: no status effects
A: sickness immunity, AC +5, negative energy resistance 1, electricity
resistance, torment resistance 1, petrification resistance
a: no special abilities


You were on level 7 of the Dungeon.
You visited 1 branch of the dungeon, and saw 7 of its levels.
You also visited: Ossuary.

You collected 582 gold pieces.

Inventory:

Hand Weapons
 a - a +0 long sword
 g - a +3 whip of flaming
 t - a +3 dagger
 A - a +0 hand axe of freezing
 D - a +0 morningstar of holy wrath (weapon)
Missiles
 p - 6 atropa-tipped darts (quivered)
Armour
 b - a +0 scale mail (worn)
 c - a +0 buckler
 s - a +1 pair of gloves (worn)
 w - a +0 kite shield (worn)
Jewellery
 f - a ring of wizardry
 k - a +6 ring of intelligence (right hand)
 q - a ring of protection from fire (left hand)
Wands
 o - a wand of flame (24)
 u - a wand of polymorph (8)
Scrolls
 e - 2 scrolls of teleportation
 h - a scroll of blinking
 v - a scroll of enchant armour
 y - a scroll of summoning {unknown}
 C - a scroll of fog {unknown}
 E - a scroll of vulnerability {unknown}
Potions
 i - 3 potions of brilliance
 j - a potion of mutation
 l - 3 potions of haste
 m - a potion of cancellation
 n - a potion of resistance
 r - 2 potions of degeneration
 x - a potion of magic {unknown}
 z - 2 potions of flight
 B - 2 potions of attraction {unknown}


   Skills:
 + Level 5.1 Fighting
 + Level 2.7 Long Blades
 + Level 5.6 Maces & Flails
 + Level 6.8 Armour
 + Level 3.1 Dodging
 + Level 0.8 Stealth
 + Level 6.0 Shields


You had 7 spell levels left.
You didn't know any spells.
Your spell library contained the following spells:

 Spells                   Type           Power      Damage    Failure   Level
 Animate Skeleton         Necr           0%         N/A       86%         1
 Apportation              Tloc           0%         N/A       86%         1
 Summon Small Mammal      Summ           0%         N/A       86%         1


Dungeon Overview and Level Annotations

Branches:
Dungeon (7/15)            Ossuary (visited)
 Temple: D:4-7

Altars:
Cheibriados

Shops:
D:3 [=*(:


Innate Abilities, Weirdness & Mutations

You are immune to sickness and miasma.
Your stone body is resilient. (AC +5)
You are immune to poison.
You resist negative energy. (rN+)
You are resistant to electric shocks. (rElec)
You are resistant to unholy torment.
You are immune to petrification.


Message History

You barely miss the orc wizard.
The orc wizard is moderately wounded.
The orc wizard hits you but does no damage.
You barely miss the orc wizard.
The orc wizard is moderately wounded.
The orc wizard casts a spell at you.
The magic dart hits you but does no damage.
You block the orc wizard's attack.
You miss the orc wizard.
The orc wizard is moderately wounded.
The orc wizard hits you but does no damage.
You puncture the orc wizard!
The orc wizard is almost dead.
You block the orc wizard's attack. x2
You puncture the orc wizard!
You kill the orc wizard!
Items here: )) [ †.
You see here a +0 spear.
The orc priest shouts!
The orc priest mumbles some strange prayers to Beogh against you.
Beogh smites you!
There is an open door, spattered with blood here.
The orc priest calls down the wrath of Beogh upon you.
Pain shoots through your body!
The orc priest mumbles some strange prayers to Beogh against you.
Beogh smites you!
The orc priest looks encouraged for a moment.
You block the orc priest's attack. The orc priest barely misses you.
You see here a +0 flail.
You hit the orc priest but do no damage.
You block the orc priest's attack.
The orc priest hits you with a +0 trident!
* * * LOW HITPOINT WARNING * * *
You barely miss the orc priest. The orc priest closely misses you.
You barely miss the orc priest.
The orc priest hits you but does no damage.
The orc priest calls down the wrath of Beogh upon you.
Beogh smites you!
You die...

#......# ...... #......# ......
#......# ......#+##......#
................####
..........[.....#..########
................'..........
................#..........
........$......@#.........######
..............(o##)#####+###....
......######.....#.##.....##....
...... #.....#))............
..... #.....#<..)........<.
..... #.....#).....######.. ....
...$..#############.. ....
.......' ....... #.......#
.......


You could see an orc priest.

Vanquished Creatures
  Eustachio (D:6)
  Duvessa (D:6)
  An orc warrior (D:6)
  A sky beast (D:6)
  A black bear (D:6)
  2 necrophages
  An ogre (D:4)
  A phantom (D:5)
  A bullfrog (D:6)
  Dowan (D:6)
  A water moccasin skeleton (D:5)
  A howler monkey (D:5)
  2 bullfrog zombies (D:5)
  2 orc priests
  A bullfrog skeleton (D:5)
  A hound (D:5)
  An iguana (D:5)
  An orc wizard (D:7)
  8 mummies (Ossuary)
  7 gnolls
  3 adders
  A howler monkey skeleton (D:6)
  A shadow imp (D:6)
  A worm zombie (D:6)
  An adder zombie (D:5)
  4 worms
  2 dart slugs
  7 orcs
  4 endoplasms
  3 giant cockroaches
  A gnoll zombie (Ossuary)
  8 hobgoblins
  8 jackals
  7 kobolds
  5 quokkas
  5 ball pythons
  3 bats
  2 frilled lizards
  9 goblins
  3 hobgoblin zombies (Ossuary)
  3 kobold zombies (Ossuary)
  An orc zombie (Ossuary)
  8 rats
126 creatures vanquished.

Notes
Turn   | Place    | Note
-------+----------+-------------------------------------------
     0 | D:1      | grackle the Gargoyle Fighter began the quest for the Orb.
     0 | D:1      | Reached XP level 1. HP: 14/14 MP: 1/1
    47 | D:1      | Found a faded altar of an unknown god.
    86 | D:1      | Reached XP level 2. HP: 18/19 MP: 2/2
   480 | D:1      | Reached XP level 3. HP: 22/24 MP: 3/3
  1375 | D:2      | Reached XP level 4. HP: 29/29 MP: 4/4
  1924 | D:3      | Found Verar's Book Boutique.
  1955 | D:3      | Reached XP level 5. HP: 32/33 MP: 5/5
  2015 | D:3      | Found Eriumost's General Store.
  2058 | D:3      | Found Caes's Weapon Emporium.
  2139 | D:3      | Noticed a necrophage
  2199 | D:3      | Reached skill level 1 in Maces & Flails
  2322 | D:3      | Killed a necrophage
  2323 | D:3      | Reached skill level 1 in Dodging
  2408 | D:3      | Found Poits's Jewellery Shop.
  2497 | D:3      | Found Vyupt's Antique Armour Shoppe.
  2776 | D:4      | Reached XP level 6. HP: 38/38 MP: 6/6
  3281 | D:5      | Entered Level 5 of the Dungeon
  3456 | D:5      | Reached XP level 7. HP: 44/44 MP: 7/7
  3609 | D:5      | Found a snail-covered altar of Cheibriados.
  3966 | D:5      | Reached skill level 5 in Armour
  4210 | D:6      | Found a sand-covered staircase.
  4226 | Ossuary  | Entered an ossuary
  4798 | D:6      | Reached XP level 8. HP: 45/48 MP: 8/8
  4994 | D:6      | Reached skill level 5 in Maces & Flails
  5245 | D:6      | Noticed Eustachio
  5560 | D:6      | Killed Eustachio
  5561 | D:6      | Reached skill level 5 in Fighting
  5561 | D:6      | Reached skill level 5 in Shields
  5844 | D:6      | Noticed Duvessa
  5844 | D:6      | Noticed Dowan
  5877 | D:6      | Killed Duvessa
  6097 | D:6      | Killed Dowan
  7004 | D:6      | HP: 2/49 [orc warrior/+0 dire flail (4)]
  7319 | D:7      | Killed from afar by an orc priest

Illustrated notes

Levels and vault maps discovered:
D:1:      mrwooster_arrival_arrow, layout_rooms,
          chequers_ecumenical_altar_simple, nrook_mini_vaults
D:2:      layout_loops_corners
D:3:      layout_rooms, serial_shops, shop_fountains, nicolae_shop_waterfront,
          shop, nicolae_square_shop, nicolae_shop_bloodbath_and_beyond,
          minmay_puff
D:4:      layout_rooms
D:5:      layout_cave_pods, cheibrodos_worm_habitat
D:6:      layout_basic, enter_ossuary_3, uniq_duvessa, uniq_eustachio
D:7:      layout_gridville, temple_fountains

Skill      XL: |  1  2  3  4  5  6  7  8 |
---------------+-------------------------+-----
Long Blades    | 2 |  2.7
Armour         | 4 5 6 |  6.8
Fighting       | 4 5 |  5.1
Shields        | 4 6 |  6.0
Maces & Flails | 2 3 4 5 |  5.6
Dodging        | 1 2 3 |  3.1
Stealth        | |  0.8

Action                   |  1- 3 |  4- 6 |  7- 9 || total
-------------------------+-------+-------+-------++-------
Melee: Long sword        |   103 |       |       ||   103
       Whip              |    27 |   163 |   281 ||   471
       Morningstar       |       |       |    26 ||    26
  Use: Scroll            |     5 |     7 |     7 ||    19
       Potion            |       |     1 |     6 ||     7
Armor: Scale mail        |    87 |    73 |   240 ||   400
Dodge: Dodged            |    81 |    71 |   186 ||   338
Block: Buckler           |    33 |    28 |    12 ||    73
       Kite shield       |       |       |   141 ||   141
